AZL
TEXAS (AZL) RANGERS @ SAN FRANCISCO (AZL) GIANTS
06/29/2099
 
TOP OF THE 1ST
Texas (AZL) Rangers batting - Pitching for San Francisco (AZL) Giants : RHP Jose Platon
Pitching: RHP Jose Platon
Batting: RHB Baldwin Meyer 0-0: Foul Ball, location: 5F
0-1: Swinging Strike
0-2: SINGLE (Line Drive, 3D, EV 102.5 MPH)
Batting: LHB Omar Ortega 0-0: DOUBLE (Groundball, 3L, EV 103.1 MPH)
Baldwin Meyer to third
Batting: LHB Nnana Grosland 0-0: Foul Ball, location: 2F
0-1: Ball
1-1: Swinging Strike
1-2: SINGLE (Line Drive, 56, EV 105.0 MPH)
Baldwin Meyer scores
Omar Ortega to third
Batting: RHB Javier Muniz 0-0: Ball
1-0: Swinging Strike
1-1: Ball
2-1: Ball
3-1: Base on Balls
Nnana Grosland to second
Batting: RHB Jake Russell 0-0: Swinging Strike
0-1: DOUBLE (Line Drive, 78D, EV 103.1 MPH)
Omar Ortega scores
Nnana Grosland scores
Javier Muniz to third
Batting: RHB Stephen James 0-0: Called Strike
0-1: Foul Ball, location: 5SF
0-2: Ball
1-2: Strikes out swinging
Batting: LHB Ben May 0-0: Ball
1-0: Ball
2-0: Ground out U3 (Groundball, 34, EV 88.1 MPH)
Batting: RHB Ross Embree 0-0: Ball
1-0: Called Strike
1-1: Swinging Strike
1-2: Foul Ball, location: 9LSF
1-2: Foul Ball, location: 7LMF
1-2: Ground out 6-3 (Groundball, 6, EV 90.6 MPH)
Top of the 1st over - 3 runs, 4 hits, 0 errors, 2 left on base; Texas (AZL) 3 - San Francisco (AZL) 0
BOTTOM OF THE 1ST
San Francisco (AZL) Giants batting - Pitching for Texas (AZL) Rangers : LHP Mario Delgado
Pitching: LHP Mario Delgado
Batting: RHB Mike Waters 0-0: Ball
1-0: SINGLE (Line Drive, 8LS, EV 106.9 MPH)
Batting: RHB Tomas Celis 0-0: Ball
1-0: Ball
2-0: Ball
3-0: Base on Balls
Mike Waters to second
Batting: RHB Julien Fuchs 0-0: Called Strike
0-1: Swinging Strike
0-2: Ball
1-2: Foul Ball, location: 5F
1-2: Ball
2-2: Strikes out looking
Batting: LHB Ben Whitney 0-0: Swinging Strike
0-1: Ball
1-1: Grounds into double play, 4-6-3 (Groundball, 34D, EV 83.8 MPH)
Bottom of the 1st over - 0 runs, 1 hit, 0 errors, 1 left on base; Texas (AZL) 3 - San Francisco (AZL) 0
TOP OF THE 2ND
Texas (AZL) Rangers batting - Pitching for San Francisco (AZL) Giants : RHP Jose Platon
Batting: RHB Danny Benitez 0-0: Called Strike
0-1: Foul Ball, location: 2LF
0-2: Ball
1-2: Ball
2-2: Ball
3-2: SINGLE (Flyball, 56D, EV 95.6 MPH)
Batting: RHB Baldwin Meyer 0-0: Fielders Choice at 2nd, 5-4 (Groundball, 5L, EV 103.1 MPH)
Batting: LHB Omar Ortega 0-0: Ball
1-0: Ball
2-0: Swinging Strike
2-1: SINGLE (Line Drive, 7LM, EV 109.4 MPH)
Baldwin Meyer to second
Batting: LHB Nnana Grosland 0-0: Grounds into double play, 4-6-3 (Groundball, 34D, EV 85.6 MPH)
Top of the 2nd over - 0 runs, 2 hits, 0 errors, 1 left on base; Texas (AZL) 3 - San Francisco (AZL) 0
BOTTOM OF THE 2ND
San Francisco (AZL) Giants batting - Pitching for Texas (AZL) Rangers : LHP Mario Delgado
Batting: RHB Micah Buhrman 0-0: SINGLE (Groundball, 6MD, EV 106.9 MPH)
Batting: LHB Juan Medrano 0-0: Ball
1-0: Foul Ball, location: 2LF
1-1: Foul Ball, location: 2F
1-2: Strikes out swinging
Batting: RHB Mike Szekely 0-0: Fly out, F7 (Flyball, 7LMF, EV 95.6 MPH)
Batting: SHB David Fry 0-0: Ball
1-0: Called Strike
1-1: Fly out, F4 (Popup, 4, EV 56.3 MPH)
Bottom of the 2nd over - 0 runs, 1 hit, 0 errors, 1 left on base; Texas (AZL) 3 - San Francisco (AZL) 0
TOP OF THE 3RD
Texas (AZL) Rangers batting - Pitching for San Francisco (AZL) Giants : RHP Jose Platon
Batting: RHB Javier Muniz 0-0: Ball
1-0: Foul Ball, location: 3DF
1-1: Ball
2-1: DOUBLE (Flyball, 89D, EV 99.4 MPH)
Pitching: RHP Luis Segura
Batting: RHB Jake Russell 0-0: Called Strike
0-1: Fly out, F9 (Flyball, 89S, EV 85.0 MPH)
Batting: RHB Stephen James 0-0: Fly out, F7 (Flyball, 78XD, EV 95.0 MPH)
Runner from 2nd tags up, SAFE at 3rd, no throw by LF
Batting: LHB Ben May 0-0: Called Strike
0-1: Called Strike
0-2: Ball
1-2: Ball
2-2: DOUBLE (Groundball, 3L, EV 94.4 MPH)
Javier Muniz scores
Batting: RHB Ross Embree 0-0: Called Strike
0-1: Ball
1-1: SINGLE (Groundball, 4, EV 62.5 MPH)
Ben May to third
Runner from 3rd tries for Home, SAFE, throw by RF to home
Batting: RHB Danny Benitez 0-0: Ball
1-0: SINGLE (Groundball, 4MD, EV 98.1 MPH)
Ross Embree to second
Runner from 2nd tries for 3rd, SAFE, throw by CF made to third
Batting: RHB Baldwin Meyer 0-0: Ball
1-0: Swinging Strike
1-1: Foul Ball, location: 3F
1-2: Ball
2-2: Strikes out looking
Top of the 3rd over - 2 runs, 4 hits, 0 errors, 2 left on base; Texas (AZL) 5 - San Francisco (AZL) 0
BOTTOM OF THE 3RD
San Francisco (AZL) Giants batting - Pitching for Texas (AZL) Rangers : LHP Mario Delgado
Batting: RHB Alex Solis 0-0: Ground out 5-3 (Groundball, 5L, EV 108.8 MPH)
Batting: RHB Mike Waters 0-0: Ball
1-0: Ball
2-0: DOUBLE (Line Drive, 8LD, EV 100.0 MPH)
Batting: RHB Tomas Celis 0-0: Swinging Strike
0-1: Foul Ball, location: 2F
0-2: Ball
1-2: Ball
2-2: Strikes out swinging
Batting: RHB Julien Fuchs 0-0: Ball
1-0: Ball
2-0: Called Strike
2-1: Called Strike
2-2: Ball
3-2: SINGLE (Line Drive, 6MD, EV 93.8 MPH)
Mike Waters to third
Runner from 3rd tries for Home, SAFE, throw by CF to home
Batting: LHB Ben Whitney 0-0: Ball
1-0: Called Strike
1-1: Ball
2-1: Ground out 4-3 (Groundball, 4, EV 83.1 MPH)
Bottom of the 3rd over - 1 run, 2 hits, 0 errors, 1 left on base; Texas (AZL) 5 - San Francisco (AZL) 1
TOP OF THE 4TH
Texas (AZL) Rangers batting - Pitching for San Francisco (AZL) Giants : RHP Luis Segura
Batting: LHB Omar Ortega 0-0: Ball
1-0: Foul Ball, location: 2F
1-1: Swinging Strike
1-2: Ball
2-2: Ground out U3 (Groundball, 34, EV 99.4 MPH)
Batting: LHB Nnana Grosland 0-0: Ball
1-0: Fly out, F7 (Flyball, 78M, EV 80.0 MPH)
Batting: RHB Javier Muniz 0-0: Ball
1-0: Foul Ball, location: 9LSF
1-1: Ground out 6-3 (Groundball, 6, EV 90.6 MPH)
Top of the 4th over - 0 runs, 0 hits, 0 errors, 0 left on base; Texas (AZL) 5 - San Francisco (AZL) 1
BOTTOM OF THE 4TH
San Francisco (AZL) Giants batting - Pitching for Texas (AZL) Rangers : LHP Mario Delgado
Batting: RHB Micah Buhrman 0-0: Foul Ball, location: 9LDF
0-1: Ball
1-1: Ball
2-1: Foul Ball, location: 5F
2-2: Ball
3-2: Base on Balls
Batting: LHB Juan Medrano 0-0: Fly out, F8 (Line Drive, 8LM, EV 87.5 MPH)
Batting: RHB Mike Szekely 0-0: Swinging Strike
0-1: Ball
1-1: Ball
2-1: Foul Ball, location: 9LMF
2-2: Foul Ball, location: 2F
2-2: Grounds into double play, 5-4-3 (Groundball, 56, EV 107.5 MPH)
Bottom of the 4th over - 0 runs, 0 hits, 0 errors, 0 left on base; Texas (AZL) 5 - San Francisco (AZL) 1
TOP OF THE 5TH
Texas (AZL) Rangers batting - Pitching for San Francisco (AZL) Giants : RHP Luis Segura
Batting: RHB Jake Russell 0-0: Ball
1-0: Ball
2-0: Ball
3-0: Foul Ball, location: 2F
3-1: Base on Balls
Batting: RHB Stephen James 0-0: Ball
1-0: Called Strike
1-1: Swinging Strike
1-2: DOUBLE (Flyball, 8LXD, EV 110.6 MPH)
Jake Russell to third
Pitching: RHP Ivan Amaya
Batting: LHB Ben May 0-0: Ball
1-0: Foul Ball, location: 23FF
1-1: Foul Ball, location: 3DF
1-2: Ground out U3 (Groundball, 23, EV 90.6 MPH)
Batting: RHB Ross Embree 0-0: Ball
1-0: Ground out 1-3 (Groundball, 13S, EV 64.4 MPH)
Batting: RHB Danny Benitez 0-0: Ball
1-0: Called Strike
1-1: Ball
2-1: Ball
3-1: Foul Ball, location: 9LDF
3-2: DOUBLE (Flyball, 89D, EV 100.6 MPH)
Jake Russell scores
Stephen James scores
Batting: RHB Baldwin Meyer 0-0: Ball
1-0: Ball
2-0: Ball
3-0: Base on Balls
Batting: LHB Omar Ortega 0-0: Ball
1-0: Ground out 4-3 (Groundball, 34, EV 90.0 MPH)
Top of the 5th over - 2 runs, 2 hits, 0 errors, 2 left on base; Texas (AZL) 7 - San Francisco (AZL) 1
BOTTOM OF THE 5TH
San Francisco (AZL) Giants batting - Pitching for Texas (AZL) Rangers : LHP Mario Delgado
Batting: SHB David Fry 0-0: Ball
1-0: Ball
2-0: Ball
3-0: Called Strike
3-1: Base on Balls
Batting: RHB Alex Solis 0-0: Ball
1-0: Ball
David Fry steals 2nd base
2-0: Ball
3-0: Ground out 5-3 (Groundball, 56, EV 77.5 MPH)
Batting: RHB Mike Waters 0-0: Called Strike
0-1: Ball
1-1: Called Strike
David Fry is caught stealing 3rd base 2-5
1-2: Fly out, F8 (Line Drive, 8RM, EV 86.9 MPH)
Bottom of the 5th over - 0 runs, 0 hits, 0 errors, 0 left on base; Texas (AZL) 7 - San Francisco (AZL) 1
TOP OF THE 6TH
Texas (AZL) Rangers batting - Pitching for San Francisco (AZL) Giants : RHP Ivan Amaya
Batting: LHB Nnana Grosland 0-0: Ball
1-0: Swinging Strike
1-1: Called Strike
1-2: Ball
2-2: Foul Ball, location: 2F
2-2: Ground out 4-3 (Groundball, 4S, EV 70.0 MPH)
Batting: RHB Javier Muniz 0-0: Ball
1-0: Ball
2-0: DOUBLE (Groundball, 3L, EV 103.1 MPH)
Batting: RHB Jake Russell 0-0: SINGLE (Line Drive, 8RS, EV 106.9 MPH)
Javier Muniz to third
Runner from 3rd tries for Home, SAFE, throw by CF to home
Pitching: RHP Gary Herbst
Batting: RHB Stephen James 0-0: Ball
1-0: Called Strike
1-1: Swinging Strike
1-2: Foul Ball, location: 5DF
1-2: Strikes out swinging
Batting: LHB Ben May 0-0: Ball
1-0: Fly out, F8 (Flyball, 8RM, EV 88.1 MPH)
Top of the 6th over - 1 run, 2 hits, 0 errors, 1 left on base; Texas (AZL) 8 - San Francisco (AZL) 1
BOTTOM OF THE 6TH
San Francisco (AZL) Giants batting - Pitching for Texas (AZL) Rangers : LHP Mario Delgado
Batting: RHB Tomas Celis 0-0: Ball
1-0: Swinging Strike
1-1: Foul Ball, location: 25F
1-2: Foul Ball, location: 9LMF
1-2: Ball
2-2: Ball
3-2: Fly out, F7 (Flyball, 78M, EV 83.1 MPH)
Batting: RHB Julien Fuchs 0-0: Ball
1-0: SINGLE (Line Drive, 3D, EV 99.4 MPH)
Batting: LHB Ben Whitney 0-0: Ball
1-0: SINGLE (Line Drive, 89S, EV 107.5 MPH)
Julien Fuchs to second
Batting: RHB Micah Buhrman 0-0: Called Strike
0-1: Ball
1-1: Foul Ball, location: 5F
1-2: Strikes out swinging
Batting: LHB Juan Medrano 0-0: Ball
1-0: Ball
2-0: Ball
3-0: Base on Balls
Julien Fuchs to third
Ben Whitney to second
Pitching: RHP Alwin den Ouden
Batting: RHB Mike Szekely 0-0: Fly out, F3 (Popup, 3SF, EV 81.3 MPH)
Bottom of the 6th over - 0 runs, 2 hits, 0 errors, 3 left on base; Texas (AZL) 8 - San Francisco (AZL) 1
TOP OF THE 7TH
Texas (AZL) Rangers batting - Pitching for San Francisco (AZL) Giants : RHP Gary Herbst
Pinch Hitting: RHB Angel Garcia 0-0: Ball
1-0: Ball
2-0: Foul Ball, location: 3SF
2-1: Ball
3-1: Base on Balls
Batting: RHB Danny Benitez 0-0: Ball
1-0: SINGLE (Groundball, 34D, EV 103.1 MPH)
Angel Garcia to second
Runner from 2nd tries for 3rd, SAFE, throw by RF made to third
Pinch Hitting: RHB Chris Ethridge 0-0: Called Strike
0-1: Ball
1-1: Fly out, F8 (Flyball, 8LM, EV 94.4 MPH)
Pinch Hitting: RHB Ian Walker 0-0: Foul Ball, location: 9LSF
0-1: Ball
1-1: Foul Ball, location: 23F
1-2: Strikes out swinging
Pinch Hitting: RHB Tony Gomez 0-0: DOUBLE (Line Drive, 9LS, EV 93.8 MPH)
Angel Garcia scores
Danny Benitez to third
Pinch Hitting: RHB Ben Sutter 0-0: Called Strike
0-1: Ball
1-1: Ball
2-1: Foul Ball, location: 2F
2-2: Reached on error, E2 (Groundball, 13S, EV 67.5 MPH)
Danny Benitez scores
Tony Gomez scores
Batting: RHB Jake Russell 0-0: Ball
1-0: Swinging Strike
1-1: Foul Ball, location: 9LMF
1-2: Fly out, F7 (Flyball, 7LS, EV 85.6 MPH)
Top of the 7th over - 3 runs, 2 hits, 1 error, 1 left on base; Texas (AZL) 11 - San Francisco (AZL) 1
BOTTOM OF THE 7TH
San Francisco (AZL) Giants batting - Pitching for Texas (AZL) Rangers : RHP Alwin den Ouden
Now at 2B: Ben Sutter
Now at 3B: Angel Garcia
Now at SS: Chris Ethridge
Now in LF: Tony Gomez
Now in RF: Ian Walker
Batting: SHB David Fry 0-0: Called Strike
0-1: Ball
1-1: Foul Ball, location: 2F
1-2: Ball
2-2: Ball
3-2: Base on Balls
Pinch Hitting: RHB Carlos Cruz 0-0: Ball
1-0: Foul Ball, location: 2F
1-1: Ball
2-1: Fly out, F8 (Flyball, 8LS, EV 98.8 MPH)
Batting: RHB Mike Waters 0-0: Ball
1-0: Foul Ball, location: 3F
1-1: Ball
2-1: Ball
3-1: Called Strike
3-2: Base on Balls
David Fry to second
Batting: RHB Tomas Celis 0-0: Swinging Strike
0-1: Foul Ball, location: 9LSFF
0-2: Ball
1-2: Strikes out looking
Batting: RHB Julien Fuchs 0-0: Called Strike
0-1: Ball
1-1: Swinging Strike
1-2: Strikes out swinging
Bottom of the 7th over - 0 runs, 0 hits, 0 errors, 2 left on base; Texas (AZL) 11 - San Francisco (AZL) 1
TOP OF THE 8TH
Texas (AZL) Rangers batting - Pitching for San Francisco (AZL) Giants : RHP Gary Herbst
Pitching: RHP Luis Parra
Now at 3B: Jeff Hodges
Batting: RHB Matt Nielson 0-0: Ball
1-0: Called Strike
1-1: Fly out, F8 (Flyball, 78D, EV 90.6 MPH)
Pinch Hitting: LHB Bill Poe Jr. 0-0: Swinging Strike
0-1: Foul Ball, location: 9LMF
0-2: Foul Ball, location: 7LSF
0-2: Strikes out swinging
Pinch Hitting: RHB Cole Benefiel 0-0: Ball
1-0: Fly out, F4 (Popup, 34, EV 54.4 MPH)
Top of the 8th over - 0 runs, 0 hits, 0 errors, 0 left on base; Texas (AZL) 11 - San Francisco (AZL) 1
BOTTOM OF THE 8TH
San Francisco (AZL) Giants batting - Pitching for Texas (AZL) Rangers : RHP Alwin den Ouden
Now at 3B: Cole Benefiel
Now in CF: Bill Poe Jr.
Batting: LHB Ben Whitney 0-0: Ball
1-0: SINGLE (Flyball, 89S, EV 92.5 MPH)
Batting: RHB Micah Buhrman 0-0: Called Strike
0-1: Foul Ball, location: 9LSF
0-2: Strikes out swinging
Batting: LHB Juan Medrano 0-0: Grounds into double play, 6-4-3 (Groundball, 6, EV 82.5 MPH)
Bottom of the 8th over - 0 runs, 1 hit, 0 errors, 0 left on base; Texas (AZL) 11 - San Francisco (AZL) 1
TOP OF THE 9TH
Texas (AZL) Rangers batting - Pitching for San Francisco (AZL) Giants : RHP Luis Parra
Pinch Hitting: LHB Jason May 0-0: Ball
1-0: Ball
2-0: Foul Ball, location: 25F
2-1: Ball
3-1: Base on Balls
Pinch Hitting: LHB Jeff Street 0-0: Foul Ball, location: 2F
0-1: Ball
1-1: Ball
2-1: Ball
3-1: Foul Ball, location: 25F
3-2: Base on Balls
Jason May to second
Pinch Hitting: RHB Josh Britt 0-0: Ball
1-0: Ball
2-0: Fly out, F9 (Flyball, 9, EV 95.0 MPH)
Pinch Hitting: RHB Justin Smart 0-0: Foul Ball, location: 5F
0-1: Ball
1-1: Foul Ball, location: 2F
1-2: Foul Ball, location: 9LMF
1-2: Fly out, F7 (Flyball, 78M, EV 94.4 MPH)
Pinch Hitting: SHB Gustavo Bravo 0-0: Ball
1-0: Ball
2-0: Foul Ball, location: 2RF
2-1: Ball
3-1: Swinging Strike
3-2: Base on Balls
Jason May to third
Jeff Street to second
Pinch Hitting: RHB Devin West 0-0: Ball
1-0: Ball
2-0: Called Strike
2-1: Ball
3-1: Foul Ball, location: 7LSF
3-2: Foul Ball, location: 2F
3-2: Strikes out swinging
Top of the 9th over - 0 runs, 0 hits, 0 errors, 3 left on base; Texas (AZL) 11 - San Francisco (AZL) 1
BOTTOM OF THE 9TH
San Francisco (AZL) Giants batting - Pitching for Texas (AZL) Rangers : RHP Alwin den Ouden
Now at C: Devin West
Now at 1B: Jeff Street
Now at 2B: Gustavo Bravo
Now at SS: Carlos Trevino
Now in LF: Justin Smart
Now in RF: Jason May
Pinch Hitting: LHB Carlos Morales 0-0: Called Strike
0-1: Ball
1-1: Foul Ball, location: 2F
1-2: Ball
2-2: Foul Ball, location: 25FF
2-2: Fly out, F7 (Flyball, 7D, EV 91.3 MPH)
Batting: SHB David Fry 0-0: Called Strike
0-1: Swinging Strike
0-2: Ball
1-2: Ball
2-2: Ball
3-2: Foul Ball, location: 9LSF
3-2: Base on Balls
Pitching: RHP Danny Nunez
Pinch Hitting: RHB Mike Willis 0-0: Ball
1-0: Called Strike
1-1: Ball
2-1: Ball
3-1: Base on Balls
David Fry to second
Batting: RHB Mike Waters 0-0: Ball
1-0: Ball
2-0: Foul Ball, location: 2F
2-1: Ball
3-1: Foul Ball, location: 23F
3-2: Foul Ball, location: 2F
3-2: Grounds into double play, 5-4-3 (Groundball, 56S, EV 81.9 MPH)
Bottom of the 9th over - 0 runs, 0 hits, 0 errors, 1 left on base; Texas (AZL) 11 - San Francisco (AZL) 1
Friday, May 10th , 2024 - OOTP Baseball 24.11 Build 85